MID
DAYTON DRAGONS @ AUGUSTA GREENJACKETS
06/12/2047
 
TOP OF THE 1ST
Dayton Dragons batting - Pitching for Augusta GreenJackets : RHP Dan Post
Pitching: RHP Dan Post
Batting: LHB Phil Lomax 0-0: Ground out 5-3 (Groundball, 56S, EV 69.4 MPH)
Batting: RHB Tony Casas 0-0: Called Strike
0-1: Ball
1-1: Called Strike
1-2: Foul Ball, location: 2F
1-2: Ball
2-2: Strikes out swinging
Batting: RHB Eric Sullivan 0-0: Ball
1-0: Fly out, F3 (Popup, 3SF, EV 81.2 MPH)
Top of the 1st over - 0 runs, 0 hits, 0 errors, 0 left on base; Dayton 0 - Augusta 0
BOTTOM OF THE 1ST
Augusta GreenJackets batting - Pitching for Dayton Dragons : RHP Sean Jordan
Pitching: RHP Sean Jordan
Batting: RHB Nick Wicker 0-0: Ball
1-0: Foul Ball, location: 2F
1-1: Ball
2-1: Ball
3-1: Base on Balls
Batting: RHB Yutaka Oki 0-0: Foul Ball, location: 2F
0-1: Ball
1-1: Fielders Choice at 2nd, 5-4 (Groundball, 5, EV 105.6 MPH)
Batting: RHB Bill Defazio 0-0: Ball
Yutaka Oki steals 2nd base
1-0: Foul Ball, location: 2F
1-1: Called Strike
1-2: SINGLE (Line Drive, 78S, EV 86.2 MPH)
Yutaka Oki to third
Runner from 3rd tries for Home, throw by LF and OUT! 7-2
Batting: LHB Jared Paige 0-0: Called Strike
0-1: Ball
Bill Defazio steals 2nd base
1-1: Swinging Strike
1-2: Ball
2-2: Fly out, F9 (Flyball, 9LM, EV 88.1 MPH)
Bottom of the 1st over - 0 runs, 1 hit, 0 errors, 1 left on base; Dayton 0 - Augusta 0
TOP OF THE 2ND
Dayton Dragons batting - Pitching for Augusta GreenJackets : RHP Dan Post
Batting: SHB Rich Ranaldi 0-0: Called Strike
0-1: Ball
1-1: Called Strike
1-2: Strikes out swinging
Batting: LHB Brian Snyder 0-0: Fly out, F8 (Flyball, 8RXD, EV 100.0 MPH)
Batting: RHB Matt Silva 0-0: Ball
1-0: Called Strike
1-1: Swinging Strike
1-2: Ball
2-2: Foul Ball, location: 2F
2-2: Strikes out swinging
Top of the 2nd over - 0 runs, 0 hits, 0 errors, 0 left on base; Dayton 0 - Augusta 0
BOTTOM OF THE 2ND
Augusta GreenJackets batting - Pitching for Dayton Dragons : RHP Sean Jordan
Batting: RHB Mike Buchanan 0-0: Ball
1-0: Ball
2-0: Called Strike
2-1: Ball
3-1: SINGLE (Groundball, 6M, EV 92.5 MPH) (infield hit)
Batting: RHB Jason Gregor 0-0: Called Strike
0-1: Ball
1-1: Ball
2-1: Ball
3-1: Base on Balls
Mike Buchanan to second
Batting: RHB Devin Lowery 0-0: Called Strike
0-1: Swinging Strike
0-2: Ball
1-2: Ball
2-2: Fly out, F8 (Flyball, 8LXD, EV 101.9 MPH)
Runner from 2nd tags up, SAFE at 3rd, no throw by CF
Batting: RHB Micah McErlean 0-0: Ball
1-0: Fly out, F9 (Flyball, 9LM, EV 85.6 MPH)
Runner from 3rd tags up, OUT at HOME! 9-2
Bottom of the 2nd over - 0 runs, 1 hit, 0 errors, 1 left on base; Dayton 0 - Augusta 0
TOP OF THE 3RD
Dayton Dragons batting - Pitching for Augusta GreenJackets : RHP Dan Post
Batting: SHB Travis Morris 0-0: Called Strike
0-1: Ground out U3 (Groundball, 34S, EV 82.5 MPH)
Batting: RHB Jung-keun Bai 0-0: Ball
1-0: Called Strike
1-1: Reached on error, E5 (Groundball, 56, EV 83.1 MPH)
Batting: RHB Pat Mage 0-0: Fly out, F8 (Flyball, 78S, EV 79.4 MPH)
Batting: LHB Phil Lomax 0-0: Ball
1-0: Ball
2-0: Called Strike
2-1: Ball
3-1: Swinging Strike
3-2: Strikes out swinging
Top of the 3rd over - 0 runs, 0 hits, 1 error, 1 left on base; Dayton 0 - Augusta 0
BOTTOM OF THE 3RD
Augusta GreenJackets batting - Pitching for Dayton Dragons : RHP Sean Jordan
Batting: RHB Mike Jones 0-0: Ball
1-0: Ball
2-0: Called Strike
2-1: Fly out, F9 (Flyball, 9, EV 94.4 MPH)
Batting: RHB Nick Wicker 0-0: Ball
1-0: Ball
2-0: Foul Ball, location: 2F
2-1: Foul Ball, location: 2F
2-2: Foul Ball, location: 2F
2-2: Ball
3-2: Base on Balls
Batting: RHB Yutaka Oki 0-0: Called Strike
0-1: Ball
1-1: Ball
2-1: Foul Ball, location: 2F
2-2: Fly out, F8 (Flyball, 8LD, EV 96.2 MPH)
Batting: RHB Bill Defazio 0-0: Ball
Nick Wicker steals 2nd base (no throw)
1-0: Called Strike
1-1: Foul Ball, location: 2F
1-2: Ball
2-2: Ball
3-2: Ground out 4-3 (Groundball, 4, EV 87.5 MPH)
Bottom of the 3rd over - 0 runs, 0 hits, 0 errors, 1 left on base; Dayton 0 - Augusta 0
TOP OF THE 4TH
Dayton Dragons batting - Pitching for Augusta GreenJackets : RHP Dan Post
Batting: RHB Tony Casas 0-0: Foul Ball, location: 2F
0-1: Ball
1-1: Foul Ball, location: 2F
1-2: Strikes out swinging
Batting: RHB Eric Sullivan 0-0: Swinging Strike
0-1: Foul Ball, location: 2F
0-2: Ball
1-2: Strikes out swinging
Batting: SHB Rich Ranaldi 0-0: Ball
1-0: Called Strike
1-1: Foul Ball, location: 2F
1-2: Ground out U3 (Groundball, 3, EV 87.5 MPH)
Top of the 4th over - 0 runs, 0 hits, 0 errors, 0 left on base; Dayton 0 - Augusta 0
BOTTOM OF THE 4TH
Augusta GreenJackets batting - Pitching for Dayton Dragons : RHP Sean Jordan
Batting: LHB Jared Paige 0-0: Ball
1-0: Ball
2-0: Called Strike
2-1: Fly out, F9 (Flyball, 9, EV 93.1 MPH)
Batting: RHB Mike Buchanan 0-0: Foul Ball, location: 2F
0-1: Foul Ball, location: 2F
0-2: SINGLE (Flyball, 7LS, EV 91.9 MPH)
Batting: RHB Jason Gregor 0-0: Ball
Mike Buchanan steals 2nd base
1-0: Foul Ball, location: 2F
1-1: Fly out, F8 (Line Drive, 8LM, EV 95.6 MPH)
Batting: RHB Devin Lowery 0-0: Ball
1-0: Ground out 6-3 (Groundball, 6, EV 103.8 MPH)
Bottom of the 4th over - 0 runs, 1 hit, 0 errors, 1 left on base; Dayton 0 - Augusta 0
TOP OF THE 5TH
Dayton Dragons batting - Pitching for Augusta GreenJackets : RHP Dan Post
Batting: LHB Brian Snyder 0-0: Called Strike
0-1: Ball
1-1: Swinging Strike
1-2: Strikes out swinging
Batting: RHB Matt Silva 0-0: Called Strike
0-1: Called Strike
0-2: Ball
1-2: Fly out, F6 (Line Drive, 6, EV 64.4 MPH)
Batting: SHB Travis Morris 0-0: Called Strike
0-1: Ball
1-1: Called Strike
1-2: Ball
2-2: Foul Ball, location: 2F
2-2: Strikes out swinging
Top of the 5th over - 0 runs, 0 hits, 0 errors, 0 left on base; Dayton 0 - Augusta 0
BOTTOM OF THE 5TH
Augusta GreenJackets batting - Pitching for Dayton Dragons : RHP Sean Jordan
Batting: RHB Micah McErlean 0-0: DOUBLE (Line Drive, 7LS, EV 113.1 MPH)
Batting: RHB Mike Jones 0-0: Ball
1-0: Called Strike
1-1: Ball
2-1: Ball
3-1: Fly out, F9 (Flyball, 89M, EV 89.4 MPH)
Batting: RHB Nick Wicker 0-0: Fly out, F9 (Line Drive, 89M, EV 93.8 MPH)
Lined into DP, 9-6 (Line Drive, 89M, EV 93.8 MPH)
Bottom of the 5th over - 0 runs, 1 hit, 0 errors, 0 left on base; Dayton 0 - Augusta 0
TOP OF THE 6TH
Dayton Dragons batting - Pitching for Augusta GreenJackets : RHP Dan Post
Batting: RHB Jung-keun Bai 0-0: Called Strike
0-1: Ball
1-1: Foul Ball, location: 2F
1-2: SINGLE (Line Drive, 56D, EV 108.1 MPH)
Batting: RHB Pat Mage 0-0: SINGLE (Groundball, 13S, EV 66.2 MPH) (infield hit)
Jung-keun Bai to second
Batting: LHB Phil Lomax 0-0: Called Strike
0-1: Grounds into double play, 5-4-3 (Groundball, 25, EV 81.2 MPH)
Jung-keun Bai to third
Batting: RHB Tony Casas 0-0: SINGLE (Flyball, 8RS, EV 84.4 MPH)
Jung-keun Bai scores
Batting: RHB Eric Sullivan 0-0: Ball
1-0: Called Strike
1-1: Ball
2-1: Ball
3-1: Ground out 4-3 (Groundball, 4, EV 84.4 MPH)
Top of the 6th over - 1 run, 3 hits, 0 errors, 1 left on base; Dayton 1 - Augusta 0
BOTTOM OF THE 6TH
Augusta GreenJackets batting - Pitching for Dayton Dragons : RHP Sean Jordan
Batting: RHB Yutaka Oki 0-0: Foul Ball, location: 2F
0-1: SINGLE (Line Drive, 9LS, EV 101.2 MPH)
Batting: RHB Bill Defazio 0-0: Called Strike
0-1: SINGLE (Groundball, 56D, EV 101.2 MPH)
Yutaka Oki to second
Pitching: RHP Vic Flores
Batting: LHB Jared Paige 0-0: Called Strike
0-1: Ball
1-1: Ball
2-1: Foul Ball, location: 2F
2-2: Fielders Choice at 2nd, 6-4 (Groundball, 6, EV 88.1 MPH)
Yutaka Oki to third
Batting: RHB Mike Buchanan 0-0: Foul Ball, location: 2F
0-1: Ball
Passed Ball!
Yutaka Oki scores
Jared Paige to second
1-1: Foul Ball, location: 2F
1-2: Foul Ball, location: 2F
1-2: Fly out, F8 (Flyball, 8RD, EV 93.8 MPH)
Runner from 2nd tags up, SAFE at 3rd with throw by CF
Batting: RHB Jason Gregor 0-0: Called Strike
0-1: Swinging Strike
0-2: Ball
1-2: Ball
2-2: Strikes out looking
Bottom of the 6th over - 1 run, 2 hits, 0 errors, 1 left on base; Dayton 1 - Augusta 1
TOP OF THE 7TH
Dayton Dragons batting - Pitching for Augusta GreenJackets : RHP Dan Post
Batting: SHB Rich Ranaldi 0-0: Called Strike
0-1: Foul Ball, location: 2F
0-2: Ball
1-2: Foul Ball, location: 2F
1-2: Ball
2-2: Ball
3-2: Foul Ball, location: 2F
3-2: Base on Balls
Batting: LHB Brian Snyder 0-0: Called Strike
0-1: Ball
1-1: Foul Ball, location: 2F
1-2: Strikes out swinging
Pinch Hitting: LHB Ray Walden 0-0: Grounds into double play, 4-6-3 (Groundball, 4, EV 85.6 MPH)
Top of the 7th over - 0 runs, 0 hits, 0 errors, 0 left on base; Dayton 1 - Augusta 1
BOTTOM OF THE 7TH
Augusta GreenJackets batting - Pitching for Dayton Dragons : RHP Vic Flores
Pitching: RHP Ricardo Bautista
Now in LF: Chris Redhead
Now in RF: Brian Snyder
Batting: RHB Devin Lowery 0-0: Called Strike
0-1: Ball
1-1: Swinging Strike
1-2: Strikes out swinging
Batting: RHB Micah McErlean 0-0: Called Strike
0-1: Ground out 6-3 (Groundball, 6, EV 83.1 MPH)
Batting: RHB Mike Jones 0-0: Ball
1-0: Ball
2-0: Called Strike
2-1: SINGLE (Flyball, 6D, EV 94.4 MPH)
Batting: RHB Nick Wicker 0-0: Foul Ball, location: 2F
0-1: Foul Ball, location: 2F
0-2: Strikes out swinging
Bottom of the 7th over - 0 runs, 1 hit, 0 errors, 1 left on base; Dayton 1 - Augusta 1
TOP OF THE 8TH
Dayton Dragons batting - Pitching for Augusta GreenJackets : RHP Dan Post
Batting: SHB Travis Morris 0-0: Ball
1-0: Ground out 4-3 (Groundball, 4, EV 81.9 MPH)
Batting: RHB Jung-keun Bai 0-0: Called Strike
0-1: Swinging Strike
0-2: Ball
1-2: Ball
2-2: Strikes out swinging
Batting: RHB Pat Mage 0-0: Swinging Strike
0-1: Ball
1-1: Swinging Strike
1-2: Strikes out looking
Top of the 8th over - 0 runs, 0 hits, 0 errors, 0 left on base; Dayton 1 - Augusta 1
BOTTOM OF THE 8TH
Augusta GreenJackets batting - Pitching for Dayton Dragons : RHP Ricardo Bautista
Batting: RHB Yutaka Oki 0-0: Ball
1-0: Ball
2-0: Called Strike
2-1: Swinging Strike
2-2: Ball
3-2: SINGLE (Line Drive, 34D, EV 94.4 MPH)
Batting: RHB Bill Defazio 0-0: Ball
1-0: Called Strike
1-1: Fly out, F2 (Popup, 23F, EV 81.9 MPH)
Pitching: LHP John Maher
Batting: LHB Jared Paige 0-0: Ball
1-0: Ball
2-0: Swinging Strike
2-1: Foul Ball, location: 2F
2-2: Strikes out looking
Batting: RHB Mike Buchanan 0-0: Ball
1-0: Called Strike
Yutaka Oki is caught stealing 2nd base 2-4
Bottom of the 8th over - 0 runs, 1 hit, 0 errors, 0 left on base; Dayton 1 - Augusta 1
TOP OF THE 9TH
Dayton Dragons batting - Pitching for Augusta GreenJackets : RHP Dan Post
Pitching: RHP Sam Drews
Batting: LHB Phil Lomax 0-0: Ground out 4-3 (Groundball, 4, EV 83.8 MPH)
Batting: RHB Tony Casas 0-0: Called Strike
0-1: Ball
1-1: Ball
2-1: SOLO HOME RUN (Flyball, 9D, EV 96.9 MPH), Distance : 377 ft
Batting: RHB Eric Sullivan 0-0: Ball
1-0: Foul Ball, location: 2F
1-1: Swinging Strike
1-2: Strikes out swinging
Batting: SHB Rich Ranaldi 0-0: Foul Ball, location: 2F
0-1: Ball
1-1: Swinging Strike
1-2: Foul Ball, location: 2F
1-2: Ball
2-2: Foul Ball, location: 2F
2-2: Strikes out swinging
Top of the 9th over - 1 run, 1 hit, 0 errors, 0 left on base; Dayton 2 - Augusta 1
BOTTOM OF THE 9TH
Augusta GreenJackets batting - Pitching for Dayton Dragons : LHP John Maher
Pitching: RHP Ken Armstrong
Batting: RHB Mike Buchanan 0-0: Called Strike
0-1: Foul Ball, location: 2F
0-2: Strikes out looking
Pinch Hitting: LHB Gabe Velez 0-0: Ball
1-0: Ground out U3 (Groundball, 3S, EV 70.6 MPH)
Pinch Hitting: LHB Pong-keun Koh 0-0: Ball
1-0: Called Strike
1-1: Called Strike
1-2: Ball
2-2: Strikes out swinging
Bottom of the 9th over - 0 runs, 0 hits, 0 errors, 0 left on base; Dayton 2 - Augusta 1
Thursday, December 15th , 2022 - OOTP Baseball 23.9 Build 102